Map: Terraform LE (Void)

Players

Nerchio - Winner!

  • Race: Zerg Zerg
  • League: Diamond

LiveZerg

  • Race: Zerg Zerg
  • League: Master

Event: Lycan League Weekly August #3

VOD

Have the link to the VOD?

Description

Time

  • Played on: Aug. 17, 2015, 12:29 p.m.
  • Length: 9:58

All games in this series

Show
View Real Time Build Order
Export as new Build Order

Nerchio Zerg - Winner!

Build Orders: Pool First 

Get SALT Encoding   

  12  0:01  Drone  
  13  0:13  Overlord  
  13  0:17  Drone  
  14  0:31  Drone x2  
  16  0:35  Drone  
  17  0:45  Spawning Pool  
  17  0:48  Drone  
  17  0:56  Drone  
  18  1:12  Hatchery  
  18  1:18  Overlord  
  17  1:20  Extractor  
  17  1:23  Drone  
  17  1:32  Queen  
  19  1:36  Zergling x2  
  19  1:39  Drone  
  21  1:50  Drone  
  22  2:01  Drone  
  23  2:08  Queen  
  25  2:12  Drone  
  26  2:20  Metabolic Boost  
  26  2:24  Drone  
  26  2:25  Drone  
  28  2:33  Drone  
  29  2:38  Queen  
  29  2:43  Drone x4  
  35  2:48  Baneling Nest  
  34  2:52  Overlord  
  34  2:55  Drone  
  34  2:58  Drone  
  36  3:02  Overlord  
  36  3:13  Zergling x8  
  36  3:16  Zergling x2  
  36  3:18  Zergling x2  
  42  3:20  Zergling x2  
  42  3:22  Zergling x2  
  42  3:24  Zergling x2  
  45  3:27  Drone  
  45  3:28  Drone  
  45  3:31  Baneling  
  45  3:32  Baneling  
  45  3:33  Drone  
  48  3:35  Drone  
  48  3:38  Overlord  
  49  3:45  Drone x3  
  49  3:48  Extractor  
  51  3:51  Baneling x2  
  51  3:56  Drone  
  51  3:57  Drone x3  
  51  4:01  Overlord  
  54  4:04  Drone x2  
  54  4:05  Drone  
  54  4:08  Drone  
  55  4:16  Zergling x2  
  54  4:17  Evolution Chamber  
  54  4:20  Spine Crawler  
  54  4:23  Drone x3  
  55  4:29  Drone x2, Roach Warren  
  56  4:32  Extractor  
  56  4:35  Lair  
  55  4:48  Hatchery  
  55  4:49  Zerg Missile Weapons Level 1  
  55  4:52  Zergling x6  
  56  4:59  Zergling x6  
  59  5:02  Zergling x2  
  59  5:03  Zergling x2  
  60  5:09  Roach  
  60  5:10  Roach  
  64  5:14  Baneling  
  64  5:15  Roach x2  
  64  5:16  Overlord  
  64  5:20  Roach  
  65  5:25  Roach  
  65  5:26  Roach  
  65  5:30  Roach  
  65  5:31  Roach  
  65  5:32  Zergling x4  
  67  5:36  Zergling x4  
  67  5:37  Zergling x2  
  67  5:40  Zergling x2  
  67  5:42  Zergling x2  
  70  5:48  Queen  
  72  5:51  Roach x2  
  72  5:53  Baneling  
  72  5:54  Baneling x3  
  72  5:56  Baneling  
  76  5:57  Baneling x2  
  76  6:01  Zergling x4  
  76  6:02  Zergling x2  
  75  6:14  Zergling x4  
  75  6:15  Zergling x2  
  75  6:18  Drone x4  
  77  6:24  Drone x3  
  75  6:32  Drone  
  74  6:33  Glial Reconstitution  
  74  6:37  Drone x2  
  74  6:38  Extractor, Queen  
  77  6:46  Drone x3  
  80  6:47  Overseer  
  80  6:53  Drone  
  81  6:58  Overlord x2  
  81  7:02  Overlord  
  81  7:13  Nydus Network  
  80  7:15  Queen x3  
  80  7:20  Zerg Missile Weapons Level 2  
  80  7:21  Drone  
  80  7:22  Drone x4  
  92  7:27  Drone x3  
  92  7:28  Drone  
  96  7:31  Drone x2  
  96  7:35  Overlord  
  98  7:38  Overlord  
  98  7:41  Overlord  
  98  7:49  Overlord  
  98  8:00  Roach x5  
  98  8:01  Roach x4  
  116  8:07  Roach x3  
  116  8:10  Roach x2  
  116  8:11  Roach  
  125  8:14  Roach  
  125  8:17  Overlord x2  
  125  8:19  Roach  
  129  8:32  Overlord  
  129  8:35  Overseer x2  
  129  8:38  Roach x2  
  129  8:39  Roach x2  
  139  8:41  Roach x2  
  139  8:48  Roach  
  143  8:50  Overlord x2  
  143  8:53  Roach x5  
  153  9:00  Overlord x2  
  150  9:10  Roach  
  150  9:11  Roach x6  
  150  9:17  Extractor x2  
  161  9:19  Roach x2  
  164  9:24  Roach x5  
  170  9:34  Roach x5  
  170  9:38  Roach x2  
Show
View Real Time Build Order
Export as new Build Order

LiveZerg Zerg 

Build Orders: Hatch First 

Get SALT Encoding   

  12  0:01  Drone  
  13  0:12  Overlord  
  13  0:17  Drone  
  14  0:21  Extractor  
  14  0:23  Drone  
  15  0:31  Drone  
  15  0:35  Drone  
  17  0:53  Hatchery  
  17  0:55  Drone  
  17  0:59  Drone  
  18  1:09  Extractor  
  17  1:14  Spawning Pool  
  17  1:15  Drone  
  17  1:20  Drone  
  18  1:28  Drone  
  19  1:39  Overlord  
  19  1:51  Drone  
  20  2:00  Queen  
  20  2:01  Evolution Chamber  
  21  2:02  Zergling x2  
  21  2:05  Queen  
  21  2:06  Zergling x2  
  25  2:19  Drone  
  26  2:28  Drone x2  
  26  2:29  Drone  
  29  2:32  Zerg Ground Armor Level 1  
  29  2:36  Queen  
  31  2:42  Overlord  
  31  2:46  Drone  
  31  2:48  Drone  
  33  2:54  Baneling Nest  
  32  2:59  Overlord  
  32  3:01  Drone  
  32  3:04  Drone  
  34  3:08  Drone  
  34  3:11  Drone x2  
  37  3:17  Zergling x2  
  38  3:20  Drone  
  39  3:28  Metabolic Boost  
  39  3:30  Drone x4  
  39  3:32  Drone  
  44  3:38  Baneling  
  44  3:39  Zergling x6  
  47  3:51  Overlord  
  47  3:52  Zergling x4  
  47  3:53  Zergling x6  
  47  3:55  Baneling x2  
  45  4:10  Drone x5  
  45  4:14  Queen  
  50  4:17  Zergling x2  
  50  4:18  Zergling x6  
  50  4:23  Overlord  
  54  4:27  Extractor  
  54  4:28  Zergling x6  
  56  4:33  Zergling x4  
  56  4:34  Zergling x2  
  59  4:38  Baneling  
  59  4:48  Zergling x2  
  59  4:49  Zergling x4  
  59  4:50  Queen  
  58  4:54  Zergling x8  
  58  4:57  Zergling x2  
  63  5:00  Baneling  
  63  5:01  Baneling x6  
  63  5:04  Zergling x2  
  63  5:12  Zergling x4  
  58  5:24  Zergling x8  
  58  5:27  Zergling x4  
  58  5:28  Zergling x4  
  63  5:29  Zergling x4  
  62  5:35  Zergling x2  
  62  5:40  Zergling x2  
  62  5:43  Zergling x2  
  62  5:50  Zergling x2  
  62  5:53  Lair  
  62  5:54  Zerg Missile Weapons Level 1  
  62  5:56  Zergling x2  
  64  6:04  Hatchery  
  60  6:05  Baneling x4  
  53  6:14  Drone x3  
  53  6:15  Drone x3  
  53  6:17  Extractor  
  53  6:18  Roach Warren, Drone  
  49  6:29  Drone  
  49  6:30  Overlord  
  49  6:32  Overlord  
  49  6:43  Overlord  
  49  6:58  Roach x10  
  69  7:02  Glial Reconstitution  
  69  7:10  Roach x2  
  73  7:23  Overlord  
  73  7:24  Drone x9  
  82  7:30  Overlord  
  82  7:31  Overlord  
  82  7:32  Roach  
  84  7:39  Evolution Chamber  
  84  7:44  Roach x3  
  89  7:45  Extractor  
  88  7:53  Roach x5  
  96  8:12  Drone x4  
  99  8:13  Drone x4  
  99  8:14  Drone  
  99  8:15  Drone  
  103  8:28  Overlord  
  100  8:40  Roach x6  
  100  8:41  Roach  
  114  8:46  Overlord  
  114  8:48  Roach x2  
  118  8:53  Roach x2  
  119  9:12  Overlord  
  119  9:13  Overlord, Roach  
  119  9:14  Roach x4  
  129  9:22  Roach  
  129  9:28  Roach  
  129  9:30  Overlord  
  129  9:37  Roach  
  129  9:38  Roach x7  

Tags
 
Add a new tag
Caveats
  • Supply blocks, unpowered buildings, or Contaminate may cause inaccurate times.
  • Supply counts are checked every 10 seconds.